 Dungeon Crawl Stone Soup version 0.27-a0-1557-g57f10a385c (webtiles) character file.

Game seed: 9813310041089452981

2221 Anon1729 the Quickloader (level 9, -3/71 HPs)
             Began as a Formicid Hunter on July 15, 2021.
             Was a Believer of Okawaru.
             Slain by Harold (18 damage)
             ... on level 7 of the Dungeon.
             The game lasted 00:12:46 (7390 turns).

Anon1729 the Quickloader (Formicid Hunter)          Turns: 7390, Time: 00:12:46

Health: -3/71      AC: 15    Str: 23    XL:     9   Next: 61%
Magic:  8/9        EV: 13    Int: 11    God:    Okawaru [**....]
Gold:   134        SH:  5    Dex: 11    Spells: 8/8 levels left

rFire    . . .     SeeInvis +   a - +1 hand crossbow
rCold    . . .     Faith    .   (no shield)
rNeg     + . .     Spirit   .   t - +2 chain mail {rN+}
rPois    .         Reflect  +   (helmet unavailable)
rElec    .         Harm     .   (no cloak)
rCorr    .         Rampage  .   k - +0 pair of gloves {Str+3}
Will     .....                  (no boots)
Stlth    ..........             B - amulet of reflection
HPRegen  0.21/turn              r - +4 ring of evasion
MPRegen  0.11/turn              v - +4 ring of protection

@: marked, studying Crossbows
A: permanent stasis, dig shafts and tunnels, antennae 3, four strong arms
a: Dig, Shaft Self, Renounce Religion, Heroism


You were on level 7 of the Dungeon.
You worshipped Okawaru.
Okawaru was pleased with you.
You visited 2 branches of the dungeon, and saw 8 of its levels.

You collected 339 gold pieces.
You spent 205 gold pieces at shops.

Inventory:

Hand Weapons
 a - a +1 hand crossbow (weapon)
 b - a +1 whip of freezing
Missiles
 d - 21 bolts (quivered ammo)
 j - a throwing net
Armour
 c - a +0 leather armour
 k - a +0 pair of gloves of strength (worn)
 t - a +2 chain mail of positive energy (worn)
Jewellery
 r - a +4 ring of evasion (left hand)
 v - a +4 ring of protection (right hand)
 B - an amulet of reflection (around neck)
Wands
 w - a wand of polymorph (9)
 z - a wand of flame (1)
 A - a wand of paralysis (10)
Scrolls
 e - 2 scrolls of enchant weapon {unknown}
 f - 3 scrolls of identify
 g - 2 scrolls of fog
 l - a scroll of silence
 m - a scroll of enchant armour
 n - a scroll of holy word
 o - 2 scrolls of amnesia
 y - a scroll of immolation
Potions
 h - 2 potions of flight
 i - a potion of degeneration {unknown}
 p - 3 potions of curing
 q - 2 potions of lignification {unknown}
 s - a potion of cancellation {unknown}
 u - a potion of resistance {unknown}
 x - a potion of might {unknown}


   Skills:
 + Level 6.4 Fighting
 + Level 3.1 Maces & Flails
 * Level 9.3 Crossbows
 + Level 5.3 Dodging
 + Level 7.2 Stealth


You had 8 spell levels left.
You didn't know any spells.
Your spell library contained the following spells:

 Spells                   Type           Power      Damage    Failure   Level
 Shock                    Conj/Air       0%         1d3       97%         1
 Airstrike                Air            0%         N/A       100%        4
 Swiftness                Air            Unusable   N/A       N/A         3

Dungeon Overview and Level Annotations

Branches:
Dungeon (7/15)             Temple (1/1) D:4

Altars:
Ashenzari
Cheibriados
Elyvilon
Fedhas
Gozag
Kikubaaqudgha
Makhleb
Nemelex Xobeh
Okawaru
Sif Muna
Trog
Uskayaw
Vehumet
Wu Jian
Yredelemnul
Zin
The Shining One
Lugonu

Shops:
D:1 *   D:5 ?   D:6 :   D:7 *

Annotations:
D:7 Harold


Innate Abilities, Weirdness & Mutations

You cannot be hasted, slowed, berserked, paralysed or teleported.
You can dig through walls and to a lower floor.
You have a pair of large antennae on your head. (SInv)
Your four strong arms can wield two-handed weapons with a shield.


Message History

Aim: Harold, wielding a +0 scimitar, wearing a +4 chain mail of fire resistance and quivering a throwing net (severely wounded, 82% to hit)
You shoot a bolt. The bolt hits Harold!
Harold is almost dead.
Harold gestures at you while chanting. A sentinel's mark forms upon you.
Fire: 26 bolts
Press: ? - help, Q - select action, (/) - cycle Shift-Dir - straight line, f/p - Harold
Aim: Harold, wielding a +0 scimitar, wearing a +4 chain mail of fire resistance and quivering a throwing net (almost dead, 82% to hit)
You shoot a bolt.
The bolt hits Harold but does no damage.
Harold is almost dead.
Harold casts a spell at you.
You barely resist.
Fire: 25 bolts
Press: ? - help, Q - select action, (/) - cycle Shift-Dir - straight line, f/p - Harold
Aim: Harold, wielding a +0 scimitar, wearing a +4 chain mail of fire resistance and quivering a throwing net (almost dead, 82% to hit)
You shoot a bolt. The bolt barely misses Harold.
Harold closely misses you.
Fire: 24 bolts
Press: ? - help, Q - select action, (/) - cycle Shift-Dir - straight line, f/p - Harold
Aim: Harold, wielding a +0 scimitar, wearing a +4 chain mail of fire resistance and quivering a throwing net (almost dead, 82% to hit)
You shoot a bolt. The bolt hits Harold.
Harold is almost dead.
You feel like a meek peon again.
Harold says, "Ah, this is what I got into this business for!"
Harold hits you with a +0 scimitar!
* * * LOW HITPOINT WARNING * * *
Fire: 23 bolts
Press: ? - help, Q - select action, (/) - cycle Shift-Dir - straight line, f/p - Harold
Aim: Harold, wielding a +0 scimitar, wearing a +4 chain mail of fire resistance and quivering a throwing net (almost dead, 80% to hit)
You shoot a bolt. The bolt barely misses Harold.
Harold barely misses you.
Fire: 22 bolts
Press: ? - help, Q - select action, (/) - cycle Shift-Dir - straight line, f/p - Harold
Aim: Harold, wielding a +0 scimitar, wearing a +4 chain mail of fire resistance and quivering a throwing net (almost dead, 80% to hit)
You shoot a bolt.
The bolt hits Harold but does no damage.
Harold is almost dead.
Harold hits you with a +0 scimitar!!
You die...

.#########.#.#
#.##.....####.#... .#
#.#)# #.##.....# #.#.##
.# #.#(# .##.....#
#.#... .# #.#.# ##...##
#.#..# .# #.#.# #.#.##
#)#..# .# #.#.######.#∩#
#..... .#
#.#....(...#.###########
#.#....@.##...#.........
#.#^...@<#.....#......#.
#.#####.##)....######.#.
#.#.......######.. #.#.
#.#.###.########.# #.#.
#.# ...#........##.#.#.
#.#.....# #........#####
#.#.#.#.# #.###..##.#
#.# ###.. #..# { #.# ..
#..# {


You could see Harold.

Vanquished Creatures
  Maggie (D:7)
  Menkaure (D:7)
  Duvessa (D:7)
  An orc warrior (D:7)
  An ice beast (D:2)
  2 black bears (D:4)
  2 necrophages
  A centaur (D:6)
  An ogre (D:5)
  A bullfrog (D:6)
  A water moccasin zombie (D:7)
  A scorpion (D:7)
  Dowan (D:7)
  A bullfrog zombie (D:7)
  A crimson imp (D:4)
  An orc priest (D:2)
  A centaur zombie (D:7)
  A hound (D:6)
  4 jellies
  A centaur skeleton (D:4)
  Jessica (D:3)
  2 bullfrog skeletons (D:7)
  3 iguanas
  5 orc wizards
  A hound zombie (D:5)
  2 howler monkey zombies
  3 gnolls (D:6)
  6 adders
  A white imp (D:5)
  An ufetubus (D:5)
  An adder skeleton (D:4)
  2 worms (D:3)
  A dart slug (D:1)
  7 orcs
  4 bats
  4 endoplasms
  8 giant cockroaches
  5 goblins
  7 hobgoblins
  3 jackals (D:1)
  A quokka (D:2)
  5 ball pythons
  3 frilled lizards
  7 kobolds
  8 rats
116 creatures vanquished.

Vanquished Creatures (others)
  2 plants (D:6)
2 creatures vanquished.

Grand Total: 118 creatures vanquished

Notes
Turn   | Place    | Note
-------+----------+-------------------------------------------
     0 | D:1      | Anon1729 the Formicid Hunter began the quest for the Orb.
     0 | D:1      | Reached XP level 1. HP: 16/16 MP: 1/1
    77 | D:1      | Reached XP level 2. HP: 23/23 MP: 2/2
   548 | D:1      | Reached XP level 3. HP: 28/28 MP: 3/3
   705 | D:1      | Found Kanyif's Assorted Antiques.
   712 | D:1      | Bought a scroll labelled NECEUR TANUE for 20 gold pieces
   712 | D:1      | Bought a lumpy coppery potion for 18 gold pieces
   712 | D:1      | Bought a murky red potion for 18 gold pieces
   988 | D:1      | Found a faded altar of an unknown god.
  1696 | D:2      | Reached XP level 4. HP: 30/34 MP: 4/4
  2146 | D:3      | Reached XP level 5. HP: 27/41 MP: 5/5
  2474 | D:3      | Found an ornate altar of the Wu Jian Council.
  2979 | D:3      | Noticed an ice beast
  2989 | D:2      | Reached XP level 6. HP: 48/48 MP: 6/6
  2993 | D:2      | Killed an ice beast
  2994 | D:2      | Reached skill level 5 in Crossbows
  3088 | D:3      | Noticed Jessica
  3101 | D:3      | Killed Jessica
  3507 | D:4      | Noticed a black bear
  3522 | D:4      | Killed a black bear
  3523 | D:4      | Reached XP level 7. HP: 48/55 MP: 7/7
  3689 | D:4      | Found a broken altar of Ashenzari.
  3703 | D:4      | Found a staircase to the Ecumenical Temple.
  3738 | Temple   | Entered the Ecumenical Temple
  3961 | Temple   | Became a worshipper of Warmaster Okawaru
  3989 | D:4      | Found an ancient bone altar of Kikubaaqudgha.
  4182 | D:4      | Reached skill level 5 in Stealth
  4260 | D:4      | Found a glowing golden altar of the Shining One.
  4505 | D:4      | Found a burning altar of Makhleb.
  4506 | D:4      | Found a radiant altar of Vehumet.
  4551 | D:4      | Found a sparkling altar of Nemelex Xobeh.
  4644 | D:5      | Entered Level 5 of the Dungeon
  4791 | D:5      | Reached XP level 8. HP: 61/61 MP: 8/8
  4806 | D:5      | Reached skill level 5 in Fighting
  4938 | D:5      | Found Gicse's Magic Scroll Shoppe.
  4945 | D:5      | Bought a scroll of fog for 26 gold pieces
  4945 | D:5      | Bought 2 scrolls of identify for 52 gold pieces
  4945 | D:5      | Bought 2 scrolls of noise for 26 gold pieces
  4945 | D:5      | Bought a scroll of amnesia for 45 gold pieces
  4949 | D:5      | Identified a scroll of acquirement
  4966 | D:5      | Acquired a manual of Crossbows
  5008 | D:5      | Reached * piety under Okawaru
  5009 | D:5      | Reached skill level 6 in Crossbows
  5385 | D:6      | Reached skill level 1 in Maces & Flails
  5413 | D:6      | Found a blossoming altar of Fedhas.
  5531 | D:6      | Reached skill level 7 in Crossbows
  5654 | D:6      | Found Sonkyfaf's Self-Improvement Boutique.
  5742 | D:6      | Found a basalt altar of Yredelemnul.
  6409 | D:7      | Reached XP level 9. HP: 69/69 MP: 9/9
  6416 | D:7      | Noticed Maggie
  6431 | D:7      | Killed Maggie
  6431 | D:7      | Reached ** piety under Okawaru
  6432 | D:7      | Reached skill level 8 in Crossbows
  6432 | D:7      | Reached skill level 5 in Dodging
  6607 | D:7      | Noticed a skeletal warrior
  7096 | D:7      | Noticed Menkaure
  7099 | D:7      | Killed Menkaure
  7144 | D:7      | Found a shimmering blue altar of Sif Muna.
  7147 | D:7      | Found an opulent altar of Gozag.
  7161 | D:7      | Reached skill level 9 in Crossbows
  7214 | D:7      | Noticed Dowan
  7215 | D:7      | Noticed Duvessa
  7228 | D:7      | Killed Duvessa
  7231 | D:7      | Killed Dowan
  7339 | D:7      | Found Qifos's Neck Hole.
  7375 | D:7      | Noticed Harold
  7390 | D:7      | Slain by Harold

Illustrated notes

Levels and vault maps discovered:
D:1:      onia_arrival_handbag, layout_loops_ring, serial_shops, shop,
          serial_aquarium, aquarium_bridge_square [aquarium_subvault_wall,
          aquarium_subvault_bridge, aquarium_subvault_window,
          aquarium_subvault_wall], aquarium_window_fake, aquarium_window_corner,
          aquarium_view_2f, aquarium_balcony_1b,
          dreamdust_ecumenical_altar_angels_and_demons, minmay_tromino_v7
D:2:      layout_basic
D:3:      layout_loops_ring, nzn_wu_jian_contemplation, uniq_jessica
D:4:      layout_basic, tso_metal_star, mainiacjoe_overflow_tiny_flanked,
          lemuel_tele_altar, overflow_temple_1_default,
          grunt_temple_overflow_lords_of_destruction,
          minmay_temple_entry_glassed_door
D:5:      layout_loops_ring, serial_shops, shop
D:6:      layout_loops_cross, fedhas_ov_isle_minmay, kennysheep_mini,
          nicolae_shop_self_help
D:7:      layout_basic, jmf_multi_god_temple, gammafunk_temple_overflow_wave,
          nicolae_shop_sticking_my_neck_out, uniq_harold, uniq_menkaure,
          uniq_maggie, uniq_duvessa
Temple:   corrupted_temple

Skill      XL: |  1  2  3  4  5  6  7  8  9 |
---------------+----------------------------+-----
Dodging        | 2 3 4 5 |  5.3
Stealth        | 2 3 4 5 6 7 |  7.2
Fighting       | 3 4 5 6 |  6.4
Crossbows      | 5 7 9 |  9.3
Maces & Flails | 2 3 |  3.1

Action                   |  1- 3 |  4- 6 |  7- 9 || total
-------------------------+-------+-------+-------++-------
Melee: Short sword       |    99 |    16 |       ||   115
       Whip              |       |   101 |    71 ||   172
 Fire: Hand crossbow     |    17 |    18 |   181 ||   216
Invok: Heroism           |       |       |     4 ||     4
 Abil: Dig               |     6 |       |     4 ||    10
  Use: Scroll            |       |       |     9 ||     9
 Stab: Sleeping          |     2 |       |       ||     2
Armor: Leather armour    |    29 |     4 |       ||    33
       Chain mail        |       |    51 |    74 ||   125
Dodge: Dodged            |    61 |    90 |   103 ||   254
Block: Other             |       |       |    20 ||    20
       Reflection        |       |       |     1 ||     1

Table legend: (Time is in decaauts)
 A = Elapsed time spent in this place.
 B = Non-inter-level travel time spent in this place.
 C = Inter-level travel time spent in this place.
 D = Time resting spent in this place.
 E = Time spent auto-exploring this place.
 F = Levels seen in this place.
 G = Mean time per level.
                   A        B        C        D        E       F      G
               +--------+--------+--------+--------+--------+-----+--------+
         Total |   7457 |   7072 |    385 |    916 |   4760 |   8 |  932.1 |
       Dungeon |   7217 |   6848 |    369 |    916 |   4551 |   7 | 1031.0 |
        Temple |    239 |    223 |     16 |      0 |    209 |   1 |  239.0 |
               +--------+--------+--------+--------+--------+-----+--------+

Top non-repeatable levels by time:
     D:1: 1296 daAuts
     D:2: 1185 daAuts
     D:3: 1015 daAuts
     D:6: 955 daAuts
     D:4: 945 daAuts
     D:7: 915 daAuts
     D:5: 903 daAuts
  Temple: 239 daAuts
